 Dungeon Crawl Stone Soup version 0.29.1-1-gd02db6906a (webtiles) character file.

Game seed: 7092554179518475137

638 Powertoast the Ruffian (level 7, -7/70 HPs)
             Began as a Troll Gladiator on Sept 20, 2022.
             Mangled by an orc warrior
             ... wielding a +0 glaive
              (12 damage)
             ... on level 5 of the Dungeon.
             The game lasted 00:07:29 (3253 turns).

Powertoast the Ruffian (Troll Gladiator)            Turns: 3253, Time: 00:07:29

Health: -7/70      AC:  4    Str: 23    XL:     7   Next: 25%
Magic:  6/6        EV: 10    Int:  4    God:
Gold:   305        SH:  0    Dex: 13    Spells: 6/6 levels left

rFire   . . .      SeeInvis .     - Unarmed
rCold   . . .      Faith    .   (no shield)
rNeg    . . .      Spirit   .   a - +0 robe
rPois   .          Reflect  .   b - +0 hat
rElec   .          Harm     .   (no cloak)
rCorr   .          Rampage  .   (gloves unavailable)
Will    .....                   (boots unavailable)
Stlth   +.........              (no amulet)
HPRegen 1.01/turn               (no ring)
MPRegen 0.10/turn               (no ring)

@: no status effects
A: large, unfitting armour, claws 3, regeneration 1, shaggy fur 1, tough skin 1
a: no special abilities


You were on level 5 of the Dungeon.
You visited 1 branch of the dungeon, and saw 5 of its levels.

You collected 305 gold pieces.

Inventory:

Missiles
 c - 2 throwing nets
 d - 3 large rocks (quivered)
Armour
 a - a +0 robe (worn)
 b - a +0 hat (worn)
Jewellery
 l - a ring of wizardry
 q - a ring of magical power
Wands
 r - a wand of flame (34)
Scrolls
 e - 4 scrolls of teleportation {unknown}
 g - 2 scrolls of identify {unknown}
 h - a scroll of butterflies {unknown}
 m - a scroll of blinking {unknown}
 n - a scroll of poison {unknown}
 o - a scroll of immolation {unknown}
 s - a scroll of fear {unknown}
 t - a scroll of noise {unknown}
Potions
 f - a potion of haste {unknown}
 i - 2 potions of flight {unknown}
 j - a potion of lignification {unknown}
 k - 3 potions of curing {unknown}
 p - 2 potions of ambrosia {unknown}


   Skills:
 + Level 4.0 Fighting
 + Level 1.9 Throwing
 + Level 2.4 Dodging
 * Level 7.1 Unarmed Combat


You had 6 spell levels left.
You didn't know any spells.
Your spell library contained the following spells:

 Spells                   Type           Power      Damage    Failure   Level
 Magic Dart               Conj           0%         1d3       50%         1
 Searing Ray              Conj           0%         2d4       65%         2
 Ignite Poison            Fire/Tmut/Pois 0%         N/A       86%         3
 Mephitic Cloud           Conj/Pois/Air  0%         N/A       86%         3
 Animate Dead             Necr           0%         N/A       99%         4
 Fulminant Prism          Conj/Hex       0%         3d6       99%         4
 Borgnjor's Vile Clutch   Necr/Erth      0%         N/A       100%        5
 Freezing Cloud           Conj/Ice/Air   0%         6-21      100%        5
 Death Channel            Necr           0%         N/A       100%        6
 Borgnjor's Revivificati  Necr           0%         N/A       100%        8
 Necromutation            Tmut/Necr      0%         N/A       100%        8
 Death's Door             Necr           0%         N/A       100%        9


Dungeon Overview and Level Annotations

Branches:
Dungeon (5/15)
 Temple: D:4-7

Altars:
Ashenzari
Fedhas
Qazlal

Shops:
D:1 *


Innate Abilities, Weirdness & Mutations

You are too large for most types of armour.
You have claws for hands.
Your natural rate of healing is unusually fast.
You are covered in fur. (AC +1)
You have tough skin. (AC +1)


Message History

There is an open door here.
There is a stone staircase leading down here.
You climb downwards.
There is a stone staircase leading up here.
(D) Dungeon
Where to? (Enter - D:4, ? - help)
There is a stone staircase leading up here.
There is a stone staircase leading down here.
You climb downwards.
The orc warrior shouts!
The orc shouts!
Found a scroll labelled ESHROE POWE and a book of Transfigurations.
There is a stone staircase leading up here.
There are monsters nearby!
Throw: 5 large rocks
Press: ? - help, Q - select action, (/) - cycle Shift-Dir - straight line, f - orc warrior
Aim: an orc warrior, wielding a +0 glaive and wearing a +0 plate armour (59% to hit)
You throw a large rock. The orc shouts!
The large rock hits the orc warrior!!
The orc warrior is severely wounded.
The orc warrior hits you from afar with a +0 glaive.
Throw: 4 large rocks
Press: ? - help, Q - select action, (/) - cycle Shift-Dir - straight line, f/p - orc warrior
Aim: an orc warrior, wielding a +0 glaive and wearing a +0 plate armour (severely wounded, 59% to hit)
You throw a large rock.
The large rock hits the orc warrior but does no damage.
The orc warrior is severely wounded.
The orc warrior hits you from afar with a +0 glaive! x2
The orc warrior hits you with a +0 glaive!
The orc hits you with a +0 short sword. The orc closely misses you.
You scratch the orc warrior.
The orc warrior is almost dead.
The orc hits you but does no damage. The orc closely misses you.
The orc warrior hits you with a +0 glaive!!
* * * LOW HITPOINT WARNING * * *
You closely miss the orc warrior.
The orc warrior is almost dead.
The orc closely misses you.
The orc warrior hits you with a +0 glaive!
You die...

.####.
#.....##..
......
...#......#
......
..#.......###
......
#..........###
......
##............#
......
##..............
......
#...............
......
#......o<.......
......
#.....o@........
.....#
....?..o........
....##
......(.........
....#
..............#.
...##
.#####......###
..## #..#####
..# #..# #..#


You could see an orc warrior and 2 orcs.

Vanquished Creatures
  A black bear (D:4)
  A necrophage (D:4)
  2 scorpions (D:4)
  3 orc priests
  A hound (D:4)
  2 iguanas
  2 orc wizards (D:4)
  4 adders
  2 worms (D:3)
  3 dart slugs
  13 orcs
  5 ball pythons
  6 bats
  8 endoplasms
  3 giant cockroaches
  11 goblins
  6 hobgoblins
  7 jackals
  3 quokkas
  6 frilled lizards
  4 kobolds
  2 rats (D:1)
95 creatures vanquished.

Vanquished Creatures (others)
  A fungus (D:4)
  A plant (D:4)
2 creatures vanquished.

Grand Total: 97 creatures vanquished

Notes
Turn   | Place    | Note
-------+----------+-------------------------------------------
     0 | D:1      | Powertoast the Troll Gladiator began the quest for the Orb.
     0 | D:1      | Reached XP level 1. HP: 19/19 MP: 0/0
    91 | D:1      | Reached XP level 2. HP: 26/28 MP: 1/1
   199 | D:1      | Found Lanketh's Assorted Antiques.
   277 | D:1      | Reached XP level 3. HP: 34/35 MP: 2/2
   358 | D:1      | Reached skill level 4 in Unarmed Combat
   846 | D:2      | Reached XP level 4. HP: 23/44 MP: 3/3
   890 | D:2      | Found a faded altar of an unknown god.
  1212 | D:3      | Found a broken altar of Ashenzari.
  1229 | D:3      | Reached skill level 5 in Unarmed Combat
  1229 | D:3      | Reached XP level 5. HP: 35/50 MP: 4/4
  1422 | D:3      | Found a transporter.
  1695 | D:3      | Found a transporter.
  1854 | D:3      | You fall into a shaft and drop 1 floor!
  2017 | D:4      | Reached XP level 6. HP: 50/61 MP: 5/5
  2019 | D:4      | Reached skill level 6 in Unarmed Combat
  2301 | D:4      | Found a blossoming altar of Fedhas.
  2303 | D:4      | Found a stormy altar of Qazlal.
  2756 | D:4      | Reached skill level 7 in Unarmed Combat
  2756 | D:4      | Reached XP level 7. HP: 60/68 MP: 6/6
  2809 | D:5      | Entered Level 5 of the Dungeon
  3253 | D:5      | Mangled by an orc warrior

Illustrated notes

Levels and vault maps discovered:
D:1:      sevenhm_arrival_forest_fort_large_4, layout_rooms, serial_shops,
          shop_fountains, dk_noncrumbling_2, grunt_decor_clamped
D:2:      layout_rooms, nicolae_ecumenical_oubliette
D:3:      gammafunk_wand_slinger, layout_loops_corners,
          cheibrodos_ashenzari_chains, roderic_serpentine_path
D:4:      layout_basic, grunt_temple_overflow_forces_of_nature
D:5:      layout_cave_pods, mainiacjoe_overflow_concentric_impassable,
          temple_doors_e, minmay_mini_ossuary, uniq_crazy_yiuf_cottage

Skill      XL: |  1  2  3  4  5  6  7 |
---------------+----------------------+-----
Fighting       | 2 3 4 |  4.0
Unarmed Combat | 4 5 7 |  7.1
Throwing       | |  1.9
Dodging        | |  2.4

Action                   |  1- 3 |  4- 6 |  7- 9 || total
-------------------------+-------+-------+-------++-------
Melee: Unarmed           |   101 |   128 |    25 ||   254
       Punch             |       |     4 |       ||     4
Throw: Throwing net      |     1 |       |     1 ||     2
       Large rock        |       |       |     2 ||     2
 Stab: Sleeping          |       |     1 |       ||     1
Armor: Robe              |    43 |    52 |    10 ||   105
Dodge: Dodged            |    70 |    57 |    14 ||   141
